 Dungeon Crawl Stone Soup version 0.31.0-32-g396128a36d (webtiles) character file.

Game seed: 13978357990326434010

577 spaghetti the Chiller (level 7, 0/55 HPs)
             Began as a Naga Ice Elementalist on Mar 13, 2024.
             Slain by an ice beast (14 damage)
             ... on level 5 of the Dungeon.
             The game lasted 00:06:41 (4811 turns).

spaghetti the Chiller (Naga Ice Elementalist)       Turns: 4811, Time: 00:06:41

Health: 0/55       AC:  3    Str: 10    XL:     7   Next: 35%
Magic:  10/10      EV: 10    Int: 17    God:
Gold:   233        SH:  0    Dex: 12    Spells: 6/10 levels left

rFire   . . .        (no weapon)
rCold   . . .        (no shield)
rNeg    . . .        a - +0 robe
rPois   +            (no helmet)
rElec   .            (no cloak)
rCorr   .            (no gloves)
SInv    +            (no barding)
Will    .....        (no amulet)
Stlth   +            (no ring)
HPRegen 0.29/turn    (no ring)
MPRegen 0.12/turn

%: no passive effects
@: confused, mighty, ambrosia-drunk, very slow
A: AC +2, large, see invisible, deformed body, poison resistance, slowness 2,
spit poison 1, naga tail 1
a: Spit Poison


You were on level 5 of the Dungeon.
You visited 1 branch of the dungeon, and saw 5 of its levels.

You collected 233 gold pieces.

Inventory:

Armour
 a - a +0 robe (worn)
Wands
 e - a wand of flame (17)
 f - a wand of digging (6)
 i - a wand of iceblast (4)
Scrolls
 g - a scroll of identify
 j - a scroll of amnesia
 k - a scroll of enchant weapon
 l - a scroll of summoning {unknown}
 m - 2 scrolls of immolation
 n - a scroll of blinking {unknown}
Potions
 b - a potion of magic
 c - a potion of heal wounds
 d - a potion of enlightenment
 h - 2 potions of invisibility
 p - 2 potions of might


   Skills:
 - Level 1.5 Dodging
 - Level 3.0 Stealth
 - Level 2.0 Spellcasting
 + Level 4.9 Summonings
 - Level 7.0 Ice Magic


You had 6 spell levels left.
You knew the following spells:

 Your Spells              Type           Power      Damage    Failure   Level
a - Freeze                Ice            100%       1d10      1%          1
b - Summon Ice Beast      Ice/Summ       22%        N/A       4%          3

Your spell library contained the following spells:

 Spells                   Type           Power      Damage    Failure   Level
 Frozen Ramparts          Ice            50%        1d8       3%          3
 Ozocubu's Armour         Ice            25%        N/A       3%          3
 Vhi's Electric Charge    Tloc/Air       2%         N/A       88%         4
 Arcjolt                  Conj/Air       0%         1d10      99%         5
 Plasma Beam              Fire/Air       0%         2x1d10    100%        6


Dungeon Overview and Level Annotations

Branches:
Dungeon (5/15)
 Temple: D:4-7

Altars:
Elyvilon
Fedhas
Nemelex Xobeh


Innate Abilities, Weirdness & Mutations

Your serpentine skin is tough. (AC +2)
You have supernaturally acute eyesight. (SInv)
Armour fits poorly on your strangely shaped body.
Your system is resistant to poisons. (rPois)
You cover ground very slowly.
You can spit poison.
You have a snake-like lower body.


Message History

Casting: Summon Ice Beast (dangerous; 4% risk of failure)
Confirm with . or Enter, or press ? or * to list all spells.
A chill wind blows around you. The ice beast misses you.
Casting: Summon Ice Beast (dangerous; 4% risk of failure)
Confirm with . or Enter, or press ? or * to list all spells.
Aiming: Freeze (safe; 1% risk of failure)
Press: ? - help, Shift-Dir - straight line, f - ice beast
Aim: an ice beast (ally target)
Okay, then.
You hit the ice beast but do no damage.
The ice beast hits you but does no damage.
You barely miss the ice beast. The ice beast hits you.
The ice beast freezes you!
Your ice beast hits the ice beast but does no damage.
You hit the ice beast.
The ice beast is lightly wounded.
The ice beast hits you. The ice beast freezes you!
* * * LOW HITPOINT WARNING * * *
Your ice beast hits the ice beast but does no damage.
You hit the ice beast but do no damage.
The ice beast is lightly wounded.
The ice beast hits you.
* * * LOW HITPOINT WARNING * * *
The ice beast freezes you!
* * * LOW HITPOINT WARNING * * *
Your ice beast closely misses the ice beast.
You feel much better. The ice beast hits you. The ice beast freezes you!
* * * LOW HITPOINT WARNING * * *
Your ice beast closely misses the ice beast.
It was a potion of ambrosia.
You are confused.
You feel invigorated. The ice beast closely misses you.
Your ice beast hits the ice beast.
Your ice beast freezes the ice beast.
The ice beast completely resists.
It was a potion of might.
You feel very mighty all of a sudden. The ice beast hits you.
* * * LOW HITPOINT WARNING * * *
The ice beast freezes you!
You die...

####### ###### #.....#
#....# #...... #....#
#...... #....#######......
. ##Y................
..######Y@[...######......
......?.....###.<......#.
#........### #....###.##
...#.....# #....# #.## #.
#.....# #....###... #.##
#.....# #######...#
.#....#.###############.#.#
..........................#
..###.#.###.#######.###.#..


You could see an ice beast (ally target) and a friendly ice beast (summoned).

Vanquished Creatures
  An ogre (D:5)
  A howler monkey (D:4)
  A bombardier beetle (D:3)
  A jelly (D:4)
  5 adders
  3 gnolls (D:5)
  An orc (D:3)
  14 ball pythons
  6 bats
  11 endoplasms
  5 giant cockroaches
  3 goblins
  4 hobgoblins
  3 jackals (D:3)
  6 quokkas
  A frilled lizard (D:3)
  A kobold (D:1)
  5 rats
72 creatures vanquished.

Vanquished Creatures (collateral kills)
  A scorpion (D:3)
  A gnoll sergeant (D:5)
  A bombardier beetle (D:5)
  Terence (D:2)
  Ijyb (D:3)
  2 gnolls (D:5)
  An adder (D:4)
  A dart slug (D:5)
  A ribbon worm (D:2)
  2 bats
  An endoplasm (D:2)
  2 giant cockroaches
  2 goblins
  3 hobgoblins
  A kobold (D:2)
  4 ball pythons
25 creatures vanquished.

Grand Total: 97 creatures vanquished

Notes
Turn   | Place    | Note
-------+----------+-------------------------------------------
     0 | D:1      | spaghetti the Naga Ice Elementalist began the quest for the
                  | Orb.
     0 | D:1      | Reached XP level 1. HP: 15/15 MP: 3/3
   158 | D:1      | Reached XP level 2. HP: 21/22 MP: 3/5
   578 | D:1      | Reached XP level 3. HP: 26/28 MP: 4/6
   652 | D:1      | Reached skill level 5 in Ice Magic
   818 | D:1      | Learned a level 3 spell: Summon Ice Beast
  1479 | D:2      | Noticed Terence
  1501 | D:2      | Killed Terence
  1502 | D:2      | Reached skill level 1 in Summonings
  1502 | D:2      | Reached XP level 4. HP: 23/36 MP: 1/7
  1797 | D:3      | Noticed Ijyb
  1803 | D:3      | Noticed a scorpion
  1807 | D:3      | Killed Ijyb
  1818 | D:3      | Killed a scorpion
  1819 | D:3      | Reached XP level 5. HP: 23/42 MP: 1/8
  1995 | D:3      | Reached skill level 6 in Ice Magic
  2187 | D:3      | Reached XP level 6. HP: 32/49 MP: 5/9
  2431 | D:3      | Found a sparkling altar of Nemelex Xobeh.
  2431 | D:3      | Found a white marble altar of Elyvilon.
  3933 | D:4      | Found a blossoming altar of Fedhas.
  4292 | D:5      | Entered Level 5 of the Dungeon
  4439 | D:5      | Reached XP level 7. HP: 26/55 MP: 5/10
  4500 | D:5      | Reached skill level 7 in Ice Magic
  4811 | D:5      | Slain by an ice beast

Illustrated notes

Levels and vault maps discovered:
D:1:      scummos_arrival_simple_crosswalls, layout_loops_ring,
          serial_bayou_pond_c, kennysheep_nondescript,
          amcnicky_mini_rare_corridor_liquid
D:2:      layout_basic, interstate_on_off, uniq_terence
D:3:      minmay_wonky_spiral, layout_basic, gammafunk_temple_overflow_wave,
          uniq_ijyb
D:4:      layout_basic, overflow_temple_1_default
D:5:      layout_basic

Skill      XL: |  1  2  3  4  5  6  7 |
---------------+----------------------+-----
Ice Magic      | 5 6 7 |  7.0
Summonings     | 1 2 3 4 |  4.9
Dodging        | |  1.5
Stealth        | |  3.0
Spellcasting   | |  2.0

Action                     |  1- 3 |  4- 6 |  7- 9 || total
---------------------------+-------+-------+-------++-------
  Melee: Unarmed           |    30 |   163 |    23 ||   216
         Punch             |       |     1 |       ||     1
   Cast: Freeze            |    42 |    32 |     3 ||    77
         Summon Ice Beast  |     6 |    15 |     5 ||    26
Ability: Spit Poison       |    19 |     9 |       ||    28
  Evoke: Wand              |       |       |     1 ||     1
    Use: Scroll            |     1 |     8 |       ||     9
         Potion            |       |     3 |     3 ||     6
   Stab: Sleeping          |       |     6 |     1 ||     7
 Armour: Robe              |    40 |   143 |    23 ||   206
  Dodge: Dodged            |    35 |   112 |    16 ||   163
